[Event "23rd ETCC Open 2021"]
[Site "Catez"]
[Date "2021.11.14"]
[Round "3.76"]
[White "Saraci, Korab"]
[Black "Gordon, Frederick"]
[Result "1-0"]
[ECO "E04"]
[WhiteElo "2149"]
[BlackElo "1739"]
[Annotator "NA"]
[PlyCount "67"]
[EventDate "2021.11.08"]
[EventType "team-tourn"]
[EventCountry "SLO"]
[SourceTitle "playchess.com"]
[Source "ChessBase"]
[SourceQuality "1"]
[WhiteTeam "Kosovo"]
[BlackTeam "Scotland"]
[WhiteTeamCountry "KOS"]
[BlackTeamCountry "SCO"]
[TimeControl "40/5400+30:1800+30"]

1. d4 d5 2. c4 e6 3. Nf3 Nf6 4. g3 a6 5. Bg2 dxc4 6. Ne5 c5 7. e3 cxd4 8. exd4
Bb4+ 9. Nc3 O-O 10. O-O Nd5 11. Nxc4 Nxc3 12. bxc3 Bxc3 13. Rb1 a5 14. Qb3 Bb4
15. a3 Be7 16. Nb6 Ra7 17. Be3 a4 18. Qc3 Nd7 19. d5 Ra6 20. d6 Bxd6 21. Qxc8
Qxc8 22. Nxc8 Rxc8 23. Bxb7 Rcc6 24. Bxc6 Rxc6 25. Rfd1 Nf8 26. Rd3 e5 27. Rb6
Rxb6 28. Bxb6 Be7 29. Ba5 e4 30. Rc3 f5 31. Bb4 Ng6 32. Bxe7 Nxe7 33. Rc4 Nd5
34. Rxa4 1-0

[Event "23rd ETCC Open 2021"]
[Site "Catez"]
[Date "2021.11.15"]
[Round "4.11"]
[White "Kuzubov, Yuriy"]
[Black "Salgado Lopez, Ivan"]
[Result "1/2-1/2"]
[ECO "D53"]
[WhiteElo "2637"]
[BlackElo "2609"]
[Annotator "ChessBase"]
[PlyCount "60"]
[EventDate "2021.11.08"]
[EventType "team-tourn"]
[EventCountry "SLO"]
[SourceTitle "playchess.com"]
[Source "ChessBase"]
[SourceQuality "1"]
[WhiteTeam "Ukraine"]
[BlackTeam "Spain"]
[WhiteTeamCountry "UKR"]
[BlackTeamCountry "ESP"]
[TimeControl "40/5400+30:1800+30"]

1. d4 Nf6 2. c4 e6 3. Nf3 d5 4. Nc3 Be7 5. Bg5 h6 6. Bh4 dxc4 7. e3 c5 8. dxc5
Qxd1+ 9. Rxd1 Nbd7 10. c6 bxc6 11. Bxc4 Nd5 12. Bxe7 Kxe7 13. Rc1 Bb7 14. O-O
N5b6 15. Be2 c5 16. Rfd1 Rhc8 17. Nd2 a5 18. Nde4 Bxe4 19. Nxe4 a4 20. Bb5 a3
21. Bxd7 axb2 22. Bxc8 bxc1=Q 23. Rxc1 Nxc8 24. Rxc5 Rxa2 25. g3 Nd6 26. Nxd6
Kxd6 27. Rb5 Ke7 28. h4 g6 29. Kg2 h5 30. Rb7+ Kf6 1/2-1/2

[Event "23rd ETCC Open 2021"]
[Site "Catez"]
[Date "2021.11.15"]
[Round "4.15"]
[White "Hovhannisyan, Robert"]
[Black "Bluebaum, Matthias"]
[Result "1/2-1/2"]
[ECO "B12"]
[WhiteElo "2622"]
[BlackElo "2647"]
[Annotator "ChessBase"]
[PlyCount "79"]
[EventDate "2021.11.08"]
[EventType "team-tourn"]
[EventCountry "SLO"]
[SourceTitle "playchess.com"]
[Source "ChessBase"]
[SourceQuality "1"]
[WhiteTeam "Armenia"]
[BlackTeam "Germany"]
[WhiteTeamCountry "ARM"]
[BlackTeamCountry "GER"]
[TimeControl "40/5400+30:1800+30"]

1. e4 c6 2. d4 d5 3. e5 Bf5 4. Nf3 e6 5. Be2 c5 6. Be3 Qb6 7. Nc3 Nc6 8. O-O
Qxb2 9. Qe1 cxd4 10. Bxd4 Nxd4 11. Nxd4 Bb4 12. Rb1 Bxc3 13. Rxb2 Bxe1 14. Rxe1
b6 15. h4 h5 16. Nxf5 exf5 17. c4 Ne7 18. Rd1 O-O-O 19. c5 bxc5 20. Rb5 c4 21.
Rc5+ Kd7 22. Rxc4 Rb8 23. Ra4 Rb7 24. Ra6 Rh6 25. Rxh6 gxh6 26. f4 Ke6 27. Rd2
f6 28. exf6 Kxf6 29. Bxh5 Rb4 30. g3 Ke6 31. Kf2 Ng8 32. a3 Ra4 33. Re2+ Re4
34. Rxe4+ dxe4 35. Ke3 Nf6 36. Bg6 Ng4+ 37. Kd4 Nh2 38. Ke3 Ng4+ 39. Ke2 Nf6
40. Ke3 1/2-1/2

[Event "23rd ETCC Open 2021"]
[Site "Catez"]
[Date "2021.11.15"]
[Round "4.23"]
[White "Skoberne, Jure"]
[Black "Warmerdam, Max"]
[Result "1/2-1/2"]
[ECO "D02"]
[WhiteElo "2562"]
[BlackElo "2608"]
[Annotator "ChessBase"]
[PlyCount "34"]
[EventDate "2021.11.08"]
[EventType "team-tourn"]
[EventCountry "SLO"]
[SourceTitle "playchess.com"]
[Source "ChessBase"]
[SourceQuality "1"]
[WhiteTeam "Slovenia"]
[BlackTeam "Netherlands"]
[WhiteTeamCountry "SLO"]
[BlackTeamCountry "NED"]
[TimeControl "40/5400+30:1800+30"]

1. d4 d5 2. Nf3 Nf6 3. Bf4 c5 4. e3 Nc6 5. Nbd2 Qb6 6. dxc5 Qxb2 7. Rb1 Qc3 8.
Bd3 g6 9. O-O Bg7 10. Rb5 a6 11. Nb1 Qa1 12. Rb3 Nd7 13. Qe2 Qxa2 14. Ra3 Qb2
15. Rb3 Qa2 16. Ra3 Qb2 17. Rb3 Qa2 1/2-1/2

[Event "23rd ETCC Open 2021"]
[Site "Catez"]
[Date "2021.11.15"]
[Round "4.24"]
[White "Van den Doel, Erik"]
[Black "Sebenik, Matej"]
[Result "1/2-1/2"]
[ECO "D02"]
[WhiteElo "2594"]
[BlackElo "2509"]
[Annotator "ChessBase"]
[PlyCount "75"]
[EventDate "2021.11.08"]
[EventType "team-tourn"]
[EventCountry "SLO"]
[SourceTitle "playchess.com"]
[Source "ChessBase"]
[SourceQuality "1"]
[WhiteTeam "Netherlands"]
[BlackTeam "Slovenia"]
[WhiteTeamCountry "NED"]
[BlackTeamCountry "SLO"]
[TimeControl "40/5400+30:1800+30"]

1. Nf3 Nf6 2. g3 g6 3. Bg2 Bg7 4. O-O O-O 5. d4 d5 6. c3 Bf5 7. Qb3 Qc8 8. Bg5
c6 9. c4 dxc4 10. Qxc4 h6 11. Bf4 g5 12. Be5 Nbd7 13. Nc3 g4 14. Nh4 Be6 15.
Qb4 Nxe5 16. dxe5 Nd7 17. Qxe7 Qd8 18. Qa3 Nxe5 19. Rad1 Nc4 20. Rxd8 Nxa3 21.
Rxa8 Rxa8 22. Na4 Nb5 23. Nc5 Bxa2 24. Nxb7 Rb8 25. Ra1 Bd5 26. Bxd5 cxd5 27.
Nc5 Bxb2 28. Ra4 Bd4 29. Na6 Rb6 30. Kg2 h5 31. Nf5 Bf6 32. Nc5 Bg5 33. Ra5 Kh7
34. Nd7 Rb7 35. Nc5 Rb6 36. Nd7 Rb7 37. Nc5 Rb6 38. Nd7 1/2-1/2

[Event "23rd ETCC Open 2021"]
[Site "Catez"]
[Date "2021.11.15"]
[Round "4.26"]
[White "Nguyen, Thai Dai Van"]
[Black "Ivic, Velimir"]
[Result "1/2-1/2"]
[ECO "E05"]
[WhiteElo "2594"]
[BlackElo "2620"]
[Annotator "ChessBase"]
[PlyCount "52"]
[EventDate "2021.11.08"]
[EventType "team-tourn"]
[EventCountry "SLO"]
[SourceTitle "playchess.com"]
[Source "ChessBase"]
[SourceQuality "1"]
[WhiteTeam "Czech Republic"]
[BlackTeam "Serbia"]
[WhiteTeamCountry "CZE"]
[BlackTeamCountry "SRB"]
[TimeControl "40/5400+30:1800+30"]

1. d4 Nf6 2. c4 e6 3. Nf3 d5 4. g3 Be7 5. Bg2 O-O 6. O-O dxc4 7. Qc2 a6 8. a4
Bd7 9. Qxc4 Bc6 10. Bf4 Bd6 11. Nc3 Bxf4 12. gxf4 a5 13. Ne5 Bxg2 14. Kxg2 Na6
15. e3 c6 16. Qe2 Qe7 17. Rfd1 Nb4 18. h3 Ne8 19. Kh2 Nd6 20. Rg1 f6 21. Nf3
Nd5 22. Rg2 b5 23. Qc2 Nb4 24. Qe2 Nd5 25. Qc2 Nb4 26. Qe2 Nd5 1/2-1/2

[Event "23rd ETCC Open 2021"]
[Site "Catez"]
[Date "2021.11.15"]
[Round "4.28"]
[White "Zilka, Stepan"]
[Black "Markus, Robert"]
[Result "0-1"]
[ECO "C10"]
[WhiteElo "2593"]
[BlackElo "2609"]
[Annotator "ChessBase"]
[PlyCount "66"]
[EventDate "2021.11.08"]
[EventType "team-tourn"]
[EventCountry "SLO"]
[SourceTitle "playchess.com"]
[Source "ChessBase"]
[SourceQuality "1"]
[WhiteTeam "Czech Republic"]
[BlackTeam "Serbia"]
[WhiteTeamCountry "CZE"]
[BlackTeamCountry "SRB"]
[TimeControl "40/5400+30:1800+30"]

1. e4 e6 2. d4 d5 3. Nc3 dxe4 4. Nxe4 Bd7 5. Nf3 Bc6 6. Bd3 Nd7 7. O-O Ngf6 8.
Ng3 Be7 9. Re1 O-O 10. c3 a5 11. h4 a4 12. h5 h6 13. Bc2 Re8 14. Qd3 Bxf3 15.
Qxf3 c6 16. Bf4 Qa5 17. Rad1 Qd5 18. Qd3 Qxa2 19. Ra1 Qd5 20. c4 Qa5 21. Bd2
Qc7 22. Ne4 b5 23. c5 Nxe4 24. Rxe4 Nf6 25. Rg4 Bxc5 26. Bf4 e5 27. Bxh6 Bf8
28. Qf5 Qc8 29. Rg5 Qxf5 30. Rxf5 exd4 31. Bg5 Ne4 32. Bh4 Nc5 33. Rd1 Re2 0-1

[Event "23rd ETCC Open 2021"]
[Site "Catez"]
[Date "2021.11.15"]
[Round "4.29"]
[White "Pechac, Jergus"]
[Black "Jobava, Baadur"]
[Result "1/2-1/2"]
[ECO "D15"]
[WhiteElo "2562"]
[BlackElo "2582"]
[Annotator "ChessBase"]
[PlyCount "79"]
[EventDate "2021.11.08"]
[EventType "team-tourn"]
[EventCountry "SLO"]
[SourceTitle "playchess.com"]
[Source "ChessBase"]
[SourceQuality "1"]
[WhiteTeam "Slovakia"]
[BlackTeam "Georgia"]
[WhiteTeamCountry "SVK"]
[BlackTeamCountry "GEO"]
[TimeControl "40/5400+30:1800+30"]

1. d4 d5 2. c4 c6 3. Nf3 Nf6 4. Nc3 dxc4 5. e4 b5 6. Be2 Bg4 7. h3 Bxf3 8. Bxf3
e5 9. Be3 Nbd7 10. a4 Bb4 11. O-O a6 12. d5 Bxc3 13. bxc3 cxd5 14. exd5 O-O 15.
d6 e4 16. Bg4 Ne5 17. Qd4 Nexg4 18. hxg4 Nxg4 19. axb5 axb5 20. Bf4 Rxa1 21.
Rxa1 Qf6 22. Qxe4 g5 23. Bg3 Qe6 24. Qxe6 fxe6 25. Ra7 h5 26. Rc7 h4 27. Rc5
hxg3 28. Rxg5+ Kf7 29. Rxg4 gxf2+ 30. Kxf2 e5 31. Ke3 Rd8 32. Ke4 Rxd6 33. Rg5
Rd1 34. Kxe5 Rd3 35. Ke4 Rxc3 36. Rxb5 Rg3 37. Rc5 Rxg2 38. Rxc4 Rg4+ 39. Kd5
Rxc4 40. Kxc4 1/2-1/2

[Event "23rd ETCC Open 2021"]
[Site "Catez"]
[Date "2021.11.15"]
[Round "4.30"]
[White "Paichadze, Luka"]
[Black "Druska, Juraj"]
[Result "1/2-1/2"]
[ECO "B22"]
[WhiteElo "2551"]
[BlackElo "2508"]
[Annotator "ChessBase"]
[PlyCount "132"]
[EventDate "2021.11.08"]
[EventType "team-tourn"]
[EventCountry "SLO"]
[SourceTitle "playchess.com"]
[Source "ChessBase"]
[SourceQuality "1"]
[WhiteTeam "Georgia"]
[BlackTeam "Slovakia"]
[WhiteTeamCountry "GEO"]
[BlackTeamCountry "SVK"]
[TimeControl "40/5400+30:1800+30"]

1. e4 c5 2. Nf3 e6 3. c3 Nf6 4. e5 Nd5 5. d4 cxd4 6. cxd4 d6 7. Bc4 Be7 8. O-O
O-O 9. Qe2 a6 10. Nc3 dxe5 11. Nxe5 Nc6 12. Nxc6 bxc6 13. Ne4 a5 14. Rd1 Qb6
15. Bg5 Bxg5 16. Nxg5 Nf6 17. Rac1 Rd8 18. Nf3 Bb7 19. Rc3 a4 20. Bd3 g6 21.
Qd2 Ra5 22. Rdc1 Rad5 23. Qc2 Ra5 24. a3 Qa7 25. Rc5 Rxc5 26. Qxc5 Qxc5 27.
Rxc5 Nd7 28. Ra5 c5 29. Rxa4 Nb6 30. Ra5 Bxf3 31. gxf3 Rxd4 32. Bf1 c4 33. Rc5
Rd2 34. Rb5 Na4 35. Bxc4 Nxb2 36. Bf1 Nd1 37. a4 Ra2 38. a5 Nxf2 39. Rb1 h5 40.
a6 Kg7 41. a7 Nh3+ 42. Bxh3 Rxa7 43. Bf1 Kf6 44. Kf2 Kg5 45. Rb4 Kf5 46. h4 Ke5
47. Kg3 Kf6 48. Rb5 Kg7 49. Bd3 Kf6 50. Be4 Rc7 51. Rb7 Rxb7 52. Bxb7 e5 53.
Bd5 Kg7 54. Kf2 f6 55. Ke3 g5 56. Be6 g4 57. Bxg4 hxg4 58. fxg4 Kh6 59. h5 Kh7
60. Ke4 Kh6 61. Kf5 Kg7 62. h6+ Kf7 63. g5 fxg5 64. Kxg5 Kg8 65. Kf5 Kh7 66.
Kxe5 Kxh6 1/2-1/2

[Event "23rd ETCC Open 2021"]
[Site "Catez"]
[Date "2021.11.15"]
[Round "4.31"]
[White "Mazur, Stefan"]
[Black "Pantsulaia, Levan"]
[Result "0-1"]
[ECO "B42"]
[WhiteElo "2433"]
[BlackElo "2571"]
[Annotator "ChessBase"]
[PlyCount "76"]
[EventDate "2021.11.08"]
[EventType "team-tourn"]
[EventCountry "SLO"]
[SourceTitle "playchess.com"]
[Source "ChessBase"]
[SourceQuality "1"]
[WhiteTeam "Slovakia"]
[BlackTeam "Georgia"]
[WhiteTeamCountry "SVK"]
[BlackTeamCountry "GEO"]
[TimeControl "40/5400+30:1800+30"]

1. e4 c5 2. Nf3 e6 3. d4 cxd4 4. Nxd4 a6 5. Bd3 Ne7 6. O-O g6 7. Be3 Bg7 8. f4
Nbc6 9. c3 O-O 10. Nd2 d6 11. N2f3 Qc7 12. Qe1 Nxd4 13. cxd4 d5 14. e5 Bd7 15.
Rc1 Qb6 16. Qh4 Nf5 17. Bxf5 exf5 18. Qe7 Bc6 19. Qc5 Qxb2 20. Rf2 Qb5 21. Rfc2
Rfe8 22. Bd2 Bf8 23. Qc3 a5 24. Qe3 Rac8 25. Rc5 Bxc5 26. dxc5 d4 27. Nxd4 Qb2
28. Rc2 Qb1+ 29. Bc1 Red8 30. Rb2 Qe4 31. Qxe4 Bxe4 32. Be3 Rxc5 33. Nxf5 Rd1+
34. Kf2 Rc2+ 35. Rxc2 Bxc2 36. Nd6 Ra1 37. g4 Rxa2 38. Ke1 Bd3 0-1

[Event "23rd ETCC Open 2021"]
[Site "Catez"]
[Date "2021.11.15"]
[Round "4.32"]
[White "Quparadze, Giga"]
[Black "Sahidi, Samir"]
[Result "1/2-1/2"]
[ECO "C78"]
[WhiteElo "2475"]
[BlackElo "2432"]
[Annotator "ChessBase"]
[PlyCount "163"]
[EventDate "2021.11.08"]
[EventType "team-tourn"]
[EventCountry "SLO"]
[SourceTitle "playchess.com"]
[Source "ChessBase"]
[SourceQuality "1"]
[WhiteTeam "Georgia"]
[BlackTeam "Slovakia"]
[WhiteTeamCountry "GEO"]
[BlackTeamCountry "SVK"]
[TimeControl "40/5400+30:1800+30"]

1. e4 e5 2. Nf3 Nc6 3. Bb5 a6 4. Ba4 Nf6 5. d3 b5 6. Bb3 Bc5 7. c3 d6 8. O-O
O-O 9. Bg5 h6 10. Bh4 Rb8 11. Nbd2 Qe7 12. Re1 Kh8 13. Nf1 g5 14. Bg3 Bg4 15.
Qe2 Rg8 16. Ne3 Bxe3 17. Qxe3 Nh5 18. d4 Nf4 19. h3 Bh5 20. Nh2 Na5 21. Ng4
Bxg4 22. hxg4 c5 23. dxc5 dxc5 24. Rad1 Rbd8 25. Bxf4 exf4 26. Qh3 Kg7 27. Bd5
Nc4 28. Bxc4 bxc4 29. Qf3 Rge8 30. b3 Qe6 31. b4 cxb4 32. cxb4 Rxd1 33. Qxd1
Qe5 34. a3 Qc3 35. Kf1 Kg8 36. Qd5 f3 37. Qd1 Qxa3 38. gxf3 Qxb4 39. Kg2 c3 40.
Qd7 Qf8 41. e5 Re6 42. Qc7 Qb4 43. Re4 Qb2 44. Rc4 Qb6 45. Qd7 Rxe5 46. Rc7 Qf6
47. Rxc3 Kg7 48. Rc8 Re1 49. Rc7 Re2 50. Rb7 a5 51. Rb8 Rb2 52. Rb5 Rxb5 53.
Qxb5 Qa1 54. f4 gxf4 55. g5 h5 56. Qc6 a4 57. g6 fxg6 58. Qc7+ Kh8 59. Qxf4 Kh7
60. Qb4 Qa2 61. Qe7+ Kg8 62. Qe8+ Kg7 63. Qd7+ Kh6 64. Qd4 Kh7 65. Qd7+ Kg8 66.
Qe8+ Kg7 67. Qe5+ Kf7 68. Qf4+ Ke6 69. Qe4+ Kd6 70. Qf4+ Kc5 71. Qc7+ Kb4 72.
Qb6+ Ka3 73. Qd6+ Kb2 74. Qd2+ Kb3 75. Qd5+ Ka3 76. Qd6+ Kb2 77. Qd2+ Kb1 78.
Qd1+ Kb2 79. Qd2+ Ka3 80. Qd6+ Kb3 81. Qd5+ Kb2 82. Qd2+ 1/2-1/2

[Event "23rd ETCC Open 2021"]
[Site "Catez"]
[Date "2021.11.15"]
[Round "4.33"]
[White "Saric, Ivan"]
[Black "Nabaty, Tamir"]
[Result "1/2-1/2"]
[ECO "C42"]
[WhiteElo "2665"]
[BlackElo "2649"]
[Annotator "ChessBase"]
[PlyCount "114"]
[EventDate "2021.11.08"]
[EventType "team-tourn"]
[EventCountry "SLO"]
[SourceTitle "playchess.com"]
[Source "ChessBase"]
[SourceQuality "1"]
[WhiteTeam "Croatia"]
[BlackTeam "Israel"]
[WhiteTeamCountry "CRO"]
[BlackTeamCountry "ISR"]
[TimeControl "40/5400+30:1800+30"]

1. e4 e5 2. Nf3 Nf6 3. Nxe5 d6 4. Nf3 Nxe4 5. d4 d5 6. Bd3 Nc6 7. O-O Be7 8.
Nbd2 Bf5 9. Re1 Nxd2 10. Qxd2 Bxd3 11. Qxd3 O-O 12. c3 h6 13. Re2 Bd6 14. Bd2
Re8 15. Rxe8+ Qxe8 16. Qb5 Ne7 17. Qxb7 Rb8 18. Qxa7 Rxb2 19. Qa6 Rb6 20. Qe2
Qa4 21. Qd1 Qxd1+ 22. Rxd1 Nc6 23. Ra1 Na5 24. Be1 Nc4 25. Nd2 Na3 26. Nb3 Ra6
27. Rc1 Bf4 28. Bd2 Bxd2 29. Nxd2 Nb5 30. Rc2 Rc6 31. Nb3 Rxc3 32. Rxc3 Nxc3
33. a3 Kf8 34. f3 f5 35. Kf2 f4 36. Nc5 Nb5 37. Ne6+ Ke7 38. Nxf4 Kd6 39. Ke3
Nxa3 40. Kd3 Nc4 41. h4 g5 42. hxg5 hxg5 43. Nh3 g4 44. fxg4 c5 45. g5 cxd4 46.
Kxd4 Ne5 47. Nf4 Nc6+ 48. Ke3 Ke5 49. g4 Ne7 50. Kf3 d4 51. Nd3+ Kd5 52. Kf4
Ng6+ 53. Kf5 Nh4+ 54. Kf6 Ke4 55. Nc5+ Kf3 56. g6 Nxg6 57. Kxg6 Kxg4 1/2-1/2

[Event "23rd ETCC Open 2021"]
[Site "Catez"]
[Date "2021.11.15"]
[Round "4.34"]
[White "Mikhalevski, Victor"]
[Black "Brkic, Ante"]
[Result "1/2-1/2"]
[ECO "D78"]
[WhiteElo "2559"]
[BlackElo "2599"]
[Annotator "RC"]
[PlyCount "75"]
[EventDate "2021.11.08"]
[EventType "team-tourn"]
[EventCountry "SLO"]
[SourceTitle "playchess.com"]
[Source "ChessBase"]
[SourceQuality "1"]
[WhiteTeam "Israel"]
[BlackTeam "Croatia"]
[WhiteTeamCountry "ISR"]
[BlackTeamCountry "CRO"]
[TimeControl "40/5400+30:1800+30"]

1. Nf3 d5 2. g3 g6 3. Bg2 Bg7 4. d4 Nf6 5. O-O O-O 6. c4 c6 7. a4 Be6 8. a5 Na6
9. Qb3 c5 10. Ng5 Bg4 11. f3 Bd7 12. cxd5 cxd4 13. e4 h6 14. Nh3 e6 15. Nf4
exd5 16. e5 Ne8 17. Qxd5 Nec7 18. Qxd4 Bb5 19. Qxd8 Raxd8 20. Re1 Bxe5 21. Nc3
Bd4+ 22. Be3 Bc6 23. Nfd5 Bxe3+ 24. Nxe3 Nb4 25. Rad1 Ne6 26. Nc4 Nc2 27. Rxd8
Rxd8 28. Rd1 Rxd1+ 29. Nxd1 f6 30. f4 Ned4 31. Bxc6 Nxc6 32. Nc3 N2b4 33. Ne4
Nd5 34. Kf2 Kf8 35. Nc5 Nxa5 36. Nxa5 b6 37. Ncb3 bxa5 38. Nxa5 1/2-1/2

[Event "23rd ETCC Open 2021"]
[Site "Catez"]
[Date "2021.11.15"]
[Round "4.36"]
[White "Boruchovsky, Avital"]
[Black "Martinovic, Sasa"]
[Result "1/2-1/2"]
[ECO "D78"]
[WhiteElo "2542"]
[BlackElo "2542"]
[Annotator "ChessBase"]
[PlyCount "73"]
[EventDate "2021.11.08"]
[EventType "team-tourn"]
[EventCountry "SLO"]
[SourceTitle "playchess.com"]
[Source "ChessBase"]
[SourceQuality "1"]
[WhiteTeam "Israel"]
[BlackTeam "Croatia"]
[WhiteTeamCountry "ISR"]
[BlackTeamCountry "CRO"]
[TimeControl "40/5400+30:1800+30"]

1. Nf3 Nf6 2. g3 g6 3. Bg2 Bg7 4. O-O O-O 5. d4 d5 6. c4 c6 7. a4 Be6 8. a5 Na6
9. Qb3 Qc8 10. Na3 Ne4 11. Ne5 dxc4 12. Naxc4 Nd6 13. Qa4 Nxc4 14. Nxc4 Rd8 15.
Ne5 c5 16. Be3 Bxe5 17. dxe5 Bd5 18. Rfd1 Bxg2 19. Kxg2 Qc7 20. Qe4 Kg7 21. h4
Qc6 22. Qxc6 bxc6 23. Rac1 Rd5 24. Rxd5 cxd5 25. Bxc5 Nxc5 26. Rxc5 Rb8 27.
Rxd5 Rxb2 28. e3 Ra2 29. g4 e6 30. Rc5 h5 31. g5 a6 32. Kg3 Kf8 33. f4 Ke7 34.
Rc7+ Kf8 35. Rc5 Ke7 36. Kf3 Ra4 37. Rc7+ 1/2-1/2

[Event "23rd ETCC Open 2021"]
[Site "Catez"]
[Date "2021.11.15"]
[Round "4.37"]
[White "Deac, Bogdan-Daniel"]
[Black "Ragger, Markus"]
[Result "1/2-1/2"]
[ECO "C65"]
[WhiteElo "2651"]
[BlackElo "2668"]
[Annotator "ChessBase"]
[PlyCount "70"]
[EventDate "2021.11.08"]
[EventType "team-tourn"]
[EventCountry "SLO"]
[SourceTitle "playchess.com"]
[Source "ChessBase"]
[SourceQuality "1"]
[WhiteTeam "Romania"]
[BlackTeam "Austria"]
[WhiteTeamCountry "ROU"]
[BlackTeamCountry "AUT"]
[TimeControl "40/5400+30:1800+30"]

1. e4 e5 2. Nf3 Nc6 3. Bb5 Nf6 4. d3 Bc5 5. c3 d5 6. Nbd2 dxe4 7. dxe4 O-O 8.
O-O a5 9. a3 Qe7 10. Rb1 Rd8 11. Qc2 Bd7 12. b4 Bd6 13. Be2 axb4 14. axb4 Nb8
15. Bc4 b5 16. Be2 Na6 17. Nb3 h6 18. h3 Bc6 19. Nfd2 Be8 20. Nf3 Bc6 21. Nbd2
Bd7 22. Re1 Rab8 23. Ra1 Ra8 24. Ra5 c6 25. Nb3 Bc7 26. Ra3 Bb6 27. Bb2 Ra7 28.
Bf1 Rda8 29. Raa1 Bc7 30. Rab1 c5 31. bxc5 Nxc5 32. Nxc5 Qxc5 33. Nd2 Bb6 34.
Nb3 Qe7 35. c4 bxc4 1/2-1/2

[Event "23rd ETCC Open 2021"]
[Site "Catez"]
[Date "2021.11.15"]
[Round "4.39"]
[White "Parligras, Mircea-Emilian"]
[Black "Blohberger, Felix"]
[Result "1-0"]
[ECO "E12"]
[WhiteElo "2576"]
[BlackElo "2490"]
[Annotator "ChessBase"]
[PlyCount "39"]
[EventDate "2021.11.08"]
[EventType "team-tourn"]
[EventCountry "SLO"]
[SourceTitle "playchess.com"]
[Source "ChessBase"]
[SourceQuality "1"]
[WhiteTeam "Romania"]
[BlackTeam "Austria"]
[WhiteTeamCountry "ROU"]
[BlackTeamCountry "AUT"]
[TimeControl "40/5400+30:1800+30"]

1. d4 Nf6 2. c4 e6 3. Nf3 b6 4. a3 Bb7 5. Bf4 c5 6. d5 exd5 7. cxd5 Nxd5 8. Bg3
Be7 9. e4 Nf6 10. e5 Ne4 11. Nc3 Nxg3 12. hxg3 d5 13. exd6 Qxd6 14. Qxd6 Bxd6
15. Nb5 Ke7 16. O-O-O Bxf3 17. gxf3 Be5 18. Re1 a6 19. Nc7 Ra7 20. Rxe5+ 1-0

[Event "23rd ETCC Open 2021"]
[Site "Catez"]
[Date "2021.11.15"]
[Round "4.40"]
[White "Shengelia, David"]
[Black "Jianu, Vlad-Cristian"]
[Result "0-1"]
[ECO "D36"]
[WhiteElo "2513"]
[BlackElo "2522"]
[Annotator "ChessBase"]
[PlyCount "104"]
[EventDate "2021.11.08"]
[EventType "team-tourn"]
[EventCountry "SLO"]
[SourceTitle "playchess.com"]
[Source "ChessBase"]
[SourceQuality "1"]
[WhiteTeam "Austria"]
[BlackTeam "Romania"]
[WhiteTeamCountry "AUT"]
[BlackTeamCountry "ROU"]
[TimeControl "40/5400+30:1800+30"]

1. c4 e6 2. Nc3 d5 3. d4 Nf6 4. cxd5 exd5 5. Bg5 Be7 6. e3 c6 7. Bd3 Nbd7 8.
Nge2 h6 9. Bh4 Nh5 10. Bxe7 Qxe7 11. Qc2 Nb6 12. Rb1 O-O 13. O-O Be6 14. Rfe1
Rfe8 15. Na4 Nxa4 16. Qxa4 Qg5 17. b4 a6 18. Qc2 Bg4 19. a4 Bf3 20. Ng3 Nxg3
21. hxg3 Be4 22. Bxe4 Rxe4 23. b5 axb5 24. axb5 Rc8 25. bxc6 bxc6 26. Rb5 Re6
27. Rc5 h5 28. e4 Qg4 29. Rxd5 h4 30. gxh4 Rh6 31. Re5 Qxh4 32. Kf1 Qh1+ 33.
Ke2 Qxg2 34. Kd3 Rd8 35. Re3 Rhd6 36. Rg3 Rxd4+ 37. Kc3 Qf1 38. Re8+ Rxe8 39.
Kxd4 Qe1 40. Re3 c5+ 41. Kc4 Qb4+ 42. Kd3 Qb5+ 43. Kd2 Qf1 44. Re2 Ra8 45. Ke3
Qh3+ 46. Kf4 Ra6 47. Qxc5 Rf6+ 48. Ke5 Qh5+ 49. Kd4 Qxe2 50. Qc8+ Kh7 51. Qh3+
Kg6 52. Qg3+ Kh6 0-1

[Event "23rd ETCC Open 2021"]
[Site "Catez"]
[Date "2021.11.15"]
[Round "4.41"]
[White "Vocaturo, Daniele"]
[Black "Christiansen, Johan-Sebastian"]
[Result "0-1"]
[ECO "C63"]
[WhiteElo "2632"]
[BlackElo "2582"]
[Annotator "RC"]
[PlyCount "64"]
[EventDate "2021.11.08"]
[EventType "team-tourn"]
[EventCountry "SLO"]
[SourceTitle "playchess.com"]
[Source "ChessBase"]
[SourceQuality "1"]
[WhiteTeam "Italy"]
[BlackTeam "Norway"]
[WhiteTeamCountry "ITA"]
[BlackTeamCountry "NOR"]
[TimeControl "40/5400+30:1800+30"]

1. e4 e5 2. Nf3 Nc6 3. Bb5 f5 4. d3 fxe4 5. dxe4 Nf6 6. O-O Bc5 7. Bxc6 bxc6 8.
Nxe5 O-O 9. Nc3 d6 10. Na4 Qe8 11. Nd3 Bd4 12. c3 Bb6 13. Nxb6 axb6 14. f3 Be6
15. a3 Qf7 16. Bg5 Nd7 17. Qd2 Bc4 18. Rf2 c5 19. Rd1 Bxd3 20. Qxd3 Ne5 21. Qd5
Qxd5 22. Rxd5 c4 23. Rd4 Ra5 24. Be3 Rb5 25. Rfd2 Rf7 26. f4 Ng4 27. Bf2 Rxf4
28. Bg3 Rf7 29. h3 Ne5 30. Bxe5 Rxe5 31. Rxc4 Rfe7 32. Rdd4 c5 0-1

[Event "23rd ETCC Open 2021"]
[Site "Catez"]
[Date "2021.11.15"]
[Round "4.42"]
[White "Urkedal, Frode Olav Olsen"]
[Black "Moroni, Luca Jr"]
[Result "1/2-1/2"]
[ECO "D37"]
[WhiteElo "2569"]
[BlackElo "2580"]
[Annotator "ChessBase"]
[PlyCount "69"]
[EventDate "2021.11.08"]
[EventType "team-tourn"]
[EventCountry "SLO"]
[SourceTitle "playchess.com"]
[Source "ChessBase"]
[SourceQuality "1"]
[WhiteTeam "Norway"]
[BlackTeam "Italy"]
[WhiteTeamCountry "NOR"]
[BlackTeamCountry "ITA"]
[TimeControl "40/5400+30:1800+30"]

1. d4 d5 2. c4 e6 3. Nc3 Be7 4. Nf3 Nf6 5. Bf4 O-O 6. e3 Nbd7 7. c5 c6 8. Bd3
b6 9. b4 a5 10. a3 Ba6 11. O-O Qc8 12. h3 Qb7 13. Rb1 axb4 14. axb4 Bxd3 15.
Qxd3 Ra3 16. Qc2 Rfa8 17. Rfc1 b5 18. Nd2 h6 19. Nb3 Bd8 20. Qb2 R3a7 21. Ra1
Nf8 22. Rxa7 Rxa7 23. Ra1 Ng6 24. Bd6 h5 25. Rxa7 Qxa7 26. Qa2 Qb7 27. f3 h4
28. e4 Kh7 29. Qe2 Qa6 30. Qa2 Qb7 31. Kf2 Kg8 32. Qe2 Qa7 33. Qa2 Qb7 34. Na5
Qa6 35. Nb3 1/2-1/2